FIQ, neutral male gnomish Wizard ----------- ............. ....-----..- ---- --. .......--..-- -----..| |... ......|....| --.--...-----.... ....--.....| |........--........ .....|---...---- |...---............. ...<.-- |....|.--|...| --............. ----..---.......---..----............. ---.*...................'........... --(......------...d..G---.......... |........|..|--...------.----...... ---.........---..-----...------.... |...^.....%..[................... ---.................--------...| |..........-------- |.-- ---.---.---- --- --- FIQ the Thaumaturge Experience level: 9 Strength: 11 Dexterity: 14 Constitution: 14 Intelligence: 15 Wisdom: 15 Charisma: 10 Health: 0(48) Energy: 113(113) Def: 13 Gold: 382 Moves: 6059 Dungeon seed: DqxQ9QgVkI0LZhdn Game ID: FIQ_1444755007 Your Inventory: Coins $ - 382 gold pieces Weapons a - a blessed +1 quarterstaff (weapon in hands) f - an uncursed +2 aklys (alternate weapon; not wielded) Armor e - an uncursed +0 cloak of magic resistance (being worn) y - an uncursed -1 pair of jumping boots (being worn) z - a blessed greased +3 silver dragon scale mail (being worn) Comestibles m - 2 uncursed oranges B - an uncursed slime mold V - an uncursed egg Scrolls j - an uncursed scroll of remove curse s - an uncursed scroll of destroy armor W - an uncursed scroll of teleportation Y - a cursed scroll of magic mapping Spellbooks w - an uncursed spellbook of restore ability F - an uncursed spellbook of force bolt M - an uncursed spellbook of create monster Potions d - an uncursed potion of sleeping o - 2 uncursed potions of gain energy p - a blessed potion of gain energy u - a blessed potion of fruit juice v - a cursed potion of levitation A - an uncursed potion of restore ability E - a cursed potion of object detection I - 3 uncursed potions of object detection P - an uncursed potion of oil Q - an uncursed potion of paralysis R - an uncursed potion of full healing U - a cursed potion of gain level Rings b - an uncursed ring of polymorph control G - a cursed ring of teleportation Wands J - an uncursed wand of light (0:14) Tools g - an uncursed can of grease (0:22) h - an uncursed -1 unicorn horn k - an uncursed tin opener l - a blessed oil lamp (0:617) q - an uncursed magic marker (0:88) t - an uncursed blindfold C - an uncursed oil lamp (0:1250) Gems n - an uncursed worthless piece of violet glass Spells and supernatural/magical abilities: Name Level Category Fail Memory a - force bolt 1 attack 0% 70% m - magic missile 2 attack 0% 80% K - cure sickness 3 healing 91% 70% O - create monster 2 clerical 0% 88% W - pray for help -- divine ? -- Y - supernatural jump -- ability ? -- Your skills at the end: Miscellaneous Skills wands [Basic] Weapon Skills quarterstaff [Basic] crossbow [Basic] Spellcasting Skills attack spells [Basic] enchantment spells [Basic] Final Attributes: You were fervently aligned. You were poison resistant. You were magic-protected. You were telepathic. You had infravision. You could jump. You were held by a rope golem. You had reflection. You are dead. Vanquished creatures: a black pudding a large mimic 3 wargs 2 small mimics a quantum mechanic a shocking sphere a red naga a watchman a succubus a giant beetle 11 wolves a winter wolf cub 2 leprechauns a quivering blob a mountain nymph a giant spider 2 iron piercers a vampire bat an orc mummy a rust monster an owlbear a werewolf a dingo a jaguar a blue jelly a white unicorn 2 dust vortices an ape a soldier ant 5 wood nymphs 10 Uruk-hai an orc shaman a rock piercer 2 fog clouds 2 shriekers a violet fungus a ghoul a straw golem a paper golem 2 giant ants 3 floating eyes 4 homunculi a kobold lord 2 kobold shamans 2 iguanas 3 hill orcs a rothe a rabid rat a giant bat 6 monkeys an orc zombie a dwarf zombie a wererat a werejackal 12 killer bees 4 gas spores 4 hobbits 2 geckos 2 hobgoblins a giant rat 7 cave spiders a yellow mold 2 green molds a red mold a gnome 11 manes a gnome zombie 7 jackals a fox 5 kobolds 3 newts 7 goblins a sewer rat 5 grid bugs 2 bats a lichen 181 creatures vanquished. Voluntary challenges: You used a wielded weapon 198 times, starting on turn 21. You read items or engraved 10 times, starting on turn 892. You never genocided any monsters. You never polymorphed an object. You never changed form. You used 1 wish, starting on turn 1872. You did not wish for any artifacts. You never split a pudding. You never wrote Elbereth's name. You violated your moral code, losing 4 points of alignment, starting on turn 2336. Dungeon overview: The Dungeons of Doom: levels 1 to 3 Level 1 a long staircase Level 2 an armor shop Level 3 stairs to The Gnomish Mines The Gnomish Mines: levels 4 to 11 Level 4 stairs to The Dungeons of Doom Level 5 Level 6 many shops, a temple to Thoth, a magic chest, some fountains, a sink Level 7 Level 8 Level 9 Level 10 <- You were here Level 11 History has recorded: On T:1 you entered the Dungeons of Doom to retrieve the Amulet of Yendor! On T:202 you advanced to experience level 2. On T:277 you reached level 2 of The Dungeons of Doom. On T:648 you advanced to experience level 3. On T:690 you advanced to experience level 4. On T:1172 you reached level 3 of The Dungeons of Doom. On T:1250 you reached level 1 of The Gnomish Mines. On T:1367 you reached level 2 of The Gnomish Mines. On T:1410 you advanced to experience level 5. On T:1683 you reached level 3 of The Gnomish Mines. On T:1848 you opened a magic chest. On T:1859 you entered the Minetown temple On T:1872 you wished for "blessed greased fixed +3 silver dragon scale mail". On T:2312 you advanced to experience level 6. On T:2836 you advanced to experience level 7. On T:3067 you opened a magic chest. On T:3081 you opened a magic chest. On T:3083 you opened a magic chest. On T:3084 you opened a magic chest. On T:3144 you opened a magic chest. On T:3743 you reached level 4 of The Gnomish Mines. On T:4012 you reached level 5 of The Gnomish Mines. On T:4171 you advanced to experience level 8. On T:4409 you reached level 6 of The Gnomish Mines. On T:4686 you reached level 7 of The Gnomish Mines. On T:4846 you reached level 8 of The Gnomish Mines. On T:5111 you advanced to experience level 9. Score breakdown: Gold: 382 ( 38 points) Experience: 9 levels ( 800 points) Exploration: 11 levels ( 300 points) Discoveries: 23 items ( 1150 points) Variety of kills: 76 monsters ( 2000 points) Major goal: reached Minetown ( 500 points) Survival: died (score multiplied by 3) Total score: 14364 Latest messages: You hit the rope golem. The rope golem misses. The rope golem hits! You are being choked. The rope golem misses. (2x) You are being choked. You die... Final status: Goodbye FIQ the Wizard, killed by a rope golem... You died in The Gnomish Mines on dungeon level 10 with 14364 points, and 382 pieces of gold, after 6059 moves. You were level 9 with a maximum of 48 hit points when you died.